 Dungeon Crawl Stone Soup version 0.29-a0-337-g68df138881 (webtiles) character file.

Game seed: 17094334661996240937

1316 avis the Grappler (level 8, -2/73 HPs)
             Began as a Hill Orc Monk on Apr 17, 2022.
             Was a Believer of Beogh.
             Slain by a gargoyle
             ... wielding a +0 flail
              (15 damage)
             ... on level 6 of the Dungeon.
             The game lasted 00:26:37 (6094 turns).

avis the Grappler (Hill Orc Monk)                   Turns: 6094, Time: 00:26:38

Health: -2/73      AC:  8    Str: 16    XL:     8   Next: 59%
Magic:  11/11      EV: 11    Int: 16    God:    Beogh [**....]
Gold:   214        SH:  0    Dex: 13    Spells: 1/7 levels left

rFire   . . .      SeeInvis .     - Unarmed
rCold   . . .      Faith    .   (no shield)
rNeg    + . .      Spirit   .   z - +1 ring mail {rN+}
rPois   .          Reflect  .   i - +0 helmet
rElec   .          Harm     .   r - +0 cloak
rCorr   .          Rampage  .   (no gloves)
Will    .....                   (no boots)
Stlth   ..........              K - amulet of magic regeneration
HPRegen 0.22/turn               p - +6 ring of intelligence
MPRegen 0.52/turn               y - ring of wizardry

@: confused, ambrosia-drunk
A: no striking features
a: Renounce Religion, Smiting


You were on level 6 of the Dungeon.
You worshipped Beogh.
Beogh was pleased with you.
You visited 2 branches of the dungeon, and saw 7 of its levels.
You also visited: Sewer.

You collected 214 gold pieces.

Inventory:

Hand Weapons
 a - the +6 mace "Ecwaorasch" {vorpal, rN+ Int+2}
   (You found it on level 4 of the Dungeon)

   It inflicts extra damage upon your enemies.
   Int:       It affects your intelligence (+2).
   rN:        It protects you from negative energy.
 D - a +0 hunting sling
Missiles
 e - 6 curare-tipped darts
 F - 4 boomerangs (quivered)
Armour
 i - a +0 helmet (worn)
 r - a +0 cloak (worn)
 z - a +1 ring mail of positive energy (worn)
Jewellery
 p - a +6 ring of intelligence (left hand)
 v - a ring of see invisible
 y - a ring of wizardry (right hand)
 E - a ring of resist corrosion
 K - an amulet of magic regeneration (around neck)
Scrolls
 g - a scroll of silence {unknown}
 k - a scroll of holy word {unknown}
 o - 9 scrolls of identify {unknown}
 u - 3 scrolls of teleportation {unknown}
 J - a scroll of amnesia {unknown}
 L - 2 scrolls of fog {unknown}
 M - a scroll of brand weapon {unknown}
 O - 2 scrolls of enchant armour {unknown}
 T - a scroll of fear {unknown}
 U - a scroll of noise {unknown}
 V - a scroll of enchant weapon {unknown}
Potions
 c - 2 potions of flight {unknown}
 d - a potion of berserk rage {unknown}
 l - 2 potions of lignification {unknown}
 m - 2 potions of brilliance {unknown}
 s - 2 potions of invisibility {unknown}
 t - a potion of attraction {unknown}
 w - a potion of haste {unknown}
 G - 2 potions of might {unknown}
 N - 2 potions of resistance {unknown}
 P - a potion of curing {unknown}


   Skills:
 + Level 7.3 Fighting
 - Level 1.0 Armour
 - Level 2.4 Dodging
 - Level 1.5 Stealth
 * Level 9.0 Unarmed Combat
 + Level 0.0 Spellcasting
 - Level 5.0 Invocations


You had one spell level left.
You knew the following spells:

 Your Spells              Type           Power      Damage    Failure   Level
S - Statue Form           Tmut/Erth      0%         N/A       100%        6

Your spell library contained the following spells:

 Spells                   Type           Power      Damage    Failure   Level
 Corpse Rot               Necr/Air       0%         N/A       28%         2
 Gell's Gravitas          Tloc           0%         N/A       47%         3
 Teleport Other           Tloc           0%         N/A       47%         3
 Vampiric Draining        Necr           0%         2d6       47%         3
 Animate Dead             Necr           0%         N/A       86%         4
 Petrify                  Tmut/Erth      0%         N/A       86%         4
 Summon Lightning Spire   Summ/Air       0%         N/A       86%         4
 Agony                    Necr           0%         N/A       99%         5
 Dispersal                Tloc           0%         N/A       100%        6
 Eringya's Noxious Bog    Tmut/Pois      0%         N/A       100%        6
 Simulacrum               Ice/Necr       0%         N/A       100%        6
 Storm Form               Tmut/Air       0%         N/A       100%        7
 Maxwell's Capacitive Co  Air            0%         ∞         100%        8


Dungeon Overview and Level Annotations

Branches:
Dungeon (6/15)             Temple (1/1) D:5           Sewer (visited)

Altars:
Ashenzari
Elyvilon
Nemelex Xobeh
Wu Jian


Message History

The gargoyle hits you with a +0 flail!
You hit the gargoyle but do no damage.
You punch the gargoyle, but do no damage.
The gargoyle is heavily damaged.
The gargoyle barely misses you.
You hit the gargoyle.
You punch the gargoyle, but do no damage.
The gargoyle is heavily damaged.
The gargoyle hurls a stone arrow at you.
The stone arrow hits you!!
* * * LOW HITPOINT WARNING * * *
You feel much better. The gargoyle hits you with a +0 flail!
You hit the gargoyle but do no damage.
The gargoyle is heavily damaged.
The gargoyle hurls a stone arrow at you.
The stone arrow misses you.
You feel much better. The gargoyle hits you with a +0 flail.
You hit the gargoyle but do no damage.
The gargoyle is heavily damaged.
You barely miss the gargoyle.
The gargoyle is heavily damaged.
The gargoyle hits you with a +0 flail.
You barely miss the gargoyle.
The gargoyle is heavily damaged.
The gargoyle hits you with a +0 flail.
You punch the gargoyle!
The gargoyle is almost destroyed.
The gargoyle hits you with a +0 flail!
* * * LOW HITPOINT WARNING * * *
You hit the gargoyle but do no damage.
The gargoyle is almost destroyed.
The gargoyle hits you with a +0 flail.
* * * LOW HITPOINT WARNING * * *
You are confused.
You feel invigorated.
The gargoyle hurls a stone arrow at you.
The stone arrow misses you.
Unknown command.
The gargoyle hits you with a +0 flail!
You die...

###.... .......
......# ...9..#
......# ......#
########......#
#9@.......!....
####.#####........
.####......#
#........
............#
#........
...#........#
#.#...!.. .
#........# #.#..?...
#.....<..# #.+......
###.......####......
#.......#


You could see a gargoyle.

Vanquished Creatures
  Eustachio (D:4)
  An ice beast (D:5)
  An ogre (D:3)
  A phantom (D:4)
  A necrophage (D:4)
  3 scorpions
  3 wights
  A howler monkey (D:4)
  4 hounds (D:5)
  2 orc priests (D:3)
  Crazy Yiuf (D:2)
  3 iguanas (D:4)
  7 adders
  3 gnolls (D:2)
  2 river rats (Sewer)
  2 ufetubi
  A worm (D:2)
  5 dart slugs
  8 orcs
  8 ball pythons
  3 endoplasms
  4 giant cockroaches
  4 goblins
  5 hobgoblins
  3 jackals (D:3)
  5 kobolds
  3 quokkas
  7 frilled lizards (Sewer)
  14 rats
106 creatures vanquished.

Vanquished Creatures (others)
  A dart slug (D:3)
  An orc (D:3)
  6 plants (D:2)
8 creatures vanquished.

Grand Total: 114 creatures vanquished

Notes
Turn   | Place    | Note
-------+----------+-------------------------------------------
     0 | D:1      | avis the Hill Orc Monk began the quest for the Orb.
     0 | D:1      | Reached XP level 1. HP: 19/19 MP: 1/1
    44 | D:1      | Reached XP level 2. HP: 23/27 MP: 2/2
   115 | D:1      | Found a faded altar of an unknown god.
   291 | D:1      | Reached skill level 4 in Unarmed Combat
   774 | D:2      | Reached XP level 3. HP: 27/33 MP: 3/3
   858 | D:2      | Noticed Crazy Yiuf
   858 | D:2      | Found a runed translucent door.
   876 | D:2      | Killed Crazy Yiuf
  1226 | D:2      | Reached XP level 4. HP: 39/41 MP: 4/4
  1497 | D:2      | Reached skill level 5 in Unarmed Combat
  2153 | D:2      | Reached XP level 5. HP: 32/47 MP: 5/5
  2375 | D:3      | Got the Disquisition on Transmutation
  2589 | D:3      | Found a broken altar of Ashenzari.
  2589 | D:3      | Found a white marble altar of Elyvilon.
  2669 | D:3      | Became a worshipper of Beogh the Brigand
  2669 | D:3      | Reached * piety under Beogh
  2669 | D:3      | Reached ** piety under Beogh
  2678 | D:3      | Reached skill level 5 in Fighting
  2701 | D:3      | Got Hiastrith's Papyrus of Evil
  3035 | D:4      | Noticed an ogre
  3090 | D:3      | Killed an ogre
  3091 | D:3      | Reached skill level 6 in Unarmed Combat
  3091 | D:3      | Reached skill level 1 in Invocations
  3091 | D:3      | Reached XP level 6. HP: 24/56 MP: 2/7
  3292 | D:4      | Found a glowing drain.
  3297 | Sewer    | Entered a sewer
  3811 | D:4      | Reached XP level 7. HP: 62/62 MP: 8/8
  3817 | D:4      | Identified the +6 mace "Ecwaorasch" {vorpal, rN+ Int+2}
  3841 | D:4      | Reached skill level 7 in Unarmed Combat
  4483 | D:4      | Noticed Eustachio
  4502 | D:4      | Killed Eustachio
  4756 | D:4      | Found an ornate altar of the Wu Jian Council.
  4927 | D:5      | Entered Level 5 of the Dungeon
  4980 | D:4      | Learned a level 6 spell: Statue Form
  5005 | D:4      | Reached skill level 8 in Unarmed Combat
  5005 | D:4      | Reached XP level 8. HP: 35/71 MP: 11/11
  5412 | D:5      | Reached skill level 5 in Invocations
  5714 | D:5      | Reached skill level 1 in Armour
  5721 | D:5      | Reached *** piety under Beogh
  5722 | D:5      | Reached skill level 9 in Unarmed Combat
  5905 | D:5      | Found a staircase to the Ecumenical Temple.
  5914 | Temple   | Entered the Ecumenical Temple
  5966 | D:6      | Noticed a gargoyle
  6094 | D:6      | Slain by a gargoyle

Illustrated notes

Levels and vault maps discovered:
D:1:      dpeg_arrival_lava_temple_mockup, layout_rooms,
          ebering_ecumenical_altar_hall, lemuel_old_faithful
D:2:      layout_rooms, serial_forest, infiniplex_forest_clump_small,
          infiniplex_forest_pool, infiniplex_forest_clump_double,
          infiniplex_forest_lined_room_2, infiniplex_forest_clump_curved,
          infiniplex_forest_clump_curved, infiniplex_forest_lined_room_2,
          kennysheep_path_1, minmay_tromino_i2, uniq_crazy_yiuf_cottage
D:3:      layout_loops_ring, gammafunk_temple_overflow_elements
D:4:      layout_basic, nzn_wu_jian_council_hall, portal_sewer_entry_e,
          uniq_eustachio
D:5:      layout_basic, minmay_temple_entry_glassed_door
D:6:      layout_basic, grunt_temple_overflow_open
Temple:   dshaligram_water_room_temple

Skill      XL: |  1  2  3  4  5  6  7  8 |
---------------+-------------------------+-----
Fighting       | 4 5 6 7 |  7.3
Unarmed Combat | 4 5 6 8 9 |  9.0
Invocations    | 1 2 4 5 |  5.0
Armour         | 1 |  1.0
Dodging        | |  2.4
Stealth        | |  1.5

Action                   |  1- 3 |  4- 6 |  7- 9 || total
-------------------------+-------+-------+-------++-------
Melee: Unarmed           |    21 |       |    12 ||    33
       Punch             |     4 |       |     8 ||    12
       Mace              |    62 |       |    96 ||   158
       Quarterstaff      |     6 |   159 |     1 ||   166
Throw: Stone             |     1 |       |       ||     1
Invok: Smiting           |       |     1 |       ||     1
       Convert to Beogh  |       |     1 |       ||     1
  Use: Potion            |       |     1 |     4 ||     5
 Stab: Sleeping          |     1 |     3 |       ||     4
       Invisible         |     2 |       |       ||     2
Armor: Robe              |    16 |       |       ||    16
       Chain mail        |    13 |    11 |       ||    24
       Ring mail         |       |    77 |    51 ||   128
Dodge: Dodged            |    43 |    95 |    74 ||   212

Table legend: (Time is in decaauts)
 A = Elapsed time spent in this place.
 B = Non-inter-level travel time spent in this place.
 C = Inter-level travel time spent in this place.
 D = Time resting spent in this place.
 E = Time spent auto-exploring this place.
 F = Levels seen in this place.
 G = Mean time per level.
                   A        B        C        D        E       F      G
               +--------+--------+--------+--------+--------+-----+--------+
         Total |   6239 |   5877 |    362 |   1526 |   2412 |   8 |  779.9 |
       Dungeon |   5815 |   5453 |    362 |   1506 |   2412 |   6 |  969.2 |
        Temple |     18 |     18 |      0 |      0 |      0 |   1 |   18.0 |
         Sewer |    406 |    406 |      0 |     20 |      0 |   1 |  406.0 |
               +--------+--------+--------+--------+--------+-----+--------+

Top non-repeatable levels by time:
     D:4: 1702 daAuts
     D:2: 1498 daAuts
     D:3: 1023 daAuts
     D:1: 764 daAuts
     D:5: 764 daAuts
   Sewer: 406 daAuts
     D:6: 62 daAuts
  Temple: 18 daAuts
